 Dungeon Crawl Stone Soup version 0.15.0-29-ga8e3430 (webtiles) character file.

53 LordSUSHI the Cudgeler (level 3, 0/29 HPs)
             Began as a Demonspawn Berserker on Sept 12, 2014.
             Was a Believer of Trog.
             Succumbed to an adder's poison
             ... on Level 2 of the Dungeon.
             The game lasted 00:09:15 (1462 turns).

LordSUSHI the Cudgeler (Demonspawn Berserker)       Turns: 1462, Time: 00:09:15

HP   0/29        AC  2     Str 18      XL: 3   Next: 64%
MP   3/3         EV 11     Int  8      God: Trog [**....]
Gold 40          SH  5     Dex 10      Spells:  0 memorised,  2 levels left

rFire  . . .     SeeInvis .     a - +0 mace
rCold  . . .     Clarity  .     b - +0 animal skin
rNeg   . . .     rCorr    .     d - +2 buckler
rPois  +         rRot     .     (no helmet)
rElec  .         Spirit   .     (no cloak)
SustAb .         Warding  .     (no gloves)
rMut   .         Stasis   .     (no boots)
Gourm  .                        (no amulet)
MR     .....                    (no ring)
                                (no ring)

@: lethally poisoned, not resistant to hostile enchantments, very unstealthy
A: hooves 1, clumsy 1, poison resistance
a: Burn Spellbooks, Berserk, Trog's Hand, Renounce Religion


You were on level 2 of the Dungeon.
You worshipped Trog.
Trog was pleased with you.
You were not hungry.

You visited 1 branch of the dungeon, and saw 2 of its levels.

You collected 40 gold pieces.

Inventory:

Hand weapons
 a - a +0 mace (weapon)
 e - a cursed -1 dagger
Armour
 b - a +0 animal skin (worn)
 d - a +2 buckler (worn)
Scrolls
 h - 2 scrolls of enchant weapon {unknown}
 i - a scroll of fog {unknown}
 j - 4 scrolls of identify {unknown}
 k - a scroll of blinking {unknown}
Jewellery
 g - an uncursed ring of ice {unknown}
Potions
 f - a potion of restore abilities


   Skills:
 - Level 3.3 Fighting
 * Level 3.9 Maces & Flails
 - Level 1.7 Armour
 - Level 1.7 Dodging
 - Level 0.1 Shields
 * Level 0.3 Unarmed Combat


You had 2 spell levels left.
You didn't know any spells.

Dungeon Overview and Level Annotations

Branches:
Dungeon (2/15)

Altars:


Innate Abilities, Weirdness & Mutations

You have large cloven feet.
You are clumsy. (Dex -2)
Your system is resistant to poisons.


Message History

You see here a club.
* * * LOW HITPOINT WARNING * * *
You feel sick.
* * * LOW HITPOINT WARNING * * *
You feel sick.
You feel refreshed.
It was a potion of restore abilities.
You feel extremely strange.
You feel resistant to poisons.
You feel clumsy.
It was a potion of mutation.
* * * LOW HITPOINT WARNING * * *
You feel sick.
* * * LOW HITPOINT WARNING * * *
You feel sick.
* * * LOW HITPOINT WARNING * * *
You feel sick.
As you read the scroll labeled OWAESA TWIEPT, it crumbles to dust.
You feel aware of your surroundings.
You sensed 1 altar.
It was a scroll of magic mapping.
You continue eating.
You die...

*,* *,* #.######## *,* ##+###
#....%...# *** #,*
##....##########.... ,,*****#.*
#.............*#.#%#
,*,*,#<#.#####.....#####**,##.#.#
,,,,,....).....#)#.#######.##.#..
,*,*,#.#..r.g..#.#.........*#.###
,,,,...........#.#).....#..*#.#,#
,*,*.#.#.......#@#......#,,*#.#,#
,,,,...........#........#,,,..#.#
,*,*.#.#......####.#..#.#,**#...#
,,,,,.......>.# #.....#.#.# #...#
,*,*,#.#......# #..##.#.#.# #....
,,,,,...####### #.....#.#.# *#...
,*,*,*.#* #.#####.#.# #...
,,,,,,,,* #.# #.#.####...
,,,,,,,,****#####.#####.#.#......


There were no monsters in sight!

Vanquished Creatures
  2 adders (D:2)
  A worm (D:2)
  An ooze (D:2)
  4 bats
  3 hobgoblins
  A quokka (D:2)
  3 giant cockroaches
  5 giant geckos
  2 goblins
  3 kobolds
  3 rats
28 creatures vanquished.

Notes
Turn   | Place    | Note
--------------------------------------------------------------
     0 | D:1      | LordSUSHI, the Demonspawn Berserker, began the quest for the Orb.
     0 | D:1      | Reached XP level 1. HP: 18/18 MP: 1/1
   309 | D:1      | Gained mutation: You have large cloven feet. [demonic ancestry]
   309 | D:1      | Reached XP level 2. HP: 20/24 MP: 2/2
  1106 | D:2      | Reached XP level 3. HP: 7/29 MP: 3/3
  1446 | D:2      | Acquired Trog's second power
  1452 | D:2      | Gained mutation: Your system is resistant to poisons. [potion of mutation]
  1452 | D:2      | Gained mutation: You are clumsy. (Dex -2) [potion of mutation]
  1459 | D:2      | HP: 1/29 [poisoned by an adder]
  1462 | D:2      | Succumbed to an adder's poison

Action                   || total
-------------------------++-------
Melee: Mace              ||    84
  Use: Potion            ||     2
       Scroll            ||     1
  Eat: Chunk             ||     1
       Bread ration      ||     1
